[Event "ICC tourney 1955 (60 10)"]
[Site "Internet Chess Club"]
[Date "2020.08.07"]
[Round "2"]
[White "movingkid"]
[Black "vikram251107"]
[Result "0-1"]
[ICCResult "White resigns"]
[WhiteElo "1759"]
[BlackElo "1965"]
[Opening "Caro-Kann: classical, 7...Nd7"]
[ECO "B19"]
[NIC "CK.11"]
[Time "15:38:05"]
[TimeControl "3600+10"]

1. e4 c6 2. d4 d5 3. Nc3 dxe4 4. Nxe4 Bf5 5. Ng3 Bg6 6. h4 h6 7. Nf3 Nd7 8.
Bd3 Bxd3 9. Qxd3 Ngf6 10. O-O e6 11. Bf4 Be7 12. Ne4 Nxe4 13. Qxe4 Bxh4 14.
c4 Be7 15. Rfd1 Nf6 16. Qe2 O-O 17. Rac1 Qb6 18. d5 cxd5 19. cxd5 Nxd5 20.
Rxd5 exd5 21. Qxe7 Qxb2 22. a4 d4 23. Rd1 Rfe8 24. Qc5 d3 25. Qd4 Qxd4 26.
Nxd4 Rad8 27. Be3 Rd5 28. Rxd3 f5 29. g3 Re4 30. Kg2 a6 31. Kf3 Re8 32. Rb3
Re7 33. Rb4 Kf7 34. Rb6 Red7 35. Rb4 Kf6 36. Nb3 Rc7 37. Rb6+ Kf7 38. Nc5
Rdxc5 39. Bxc5 Rxc5 40. Rxb7+ Kg8 41. Rb6 Ra5 42. Rb4 g5 43. g4 Kg7 44. Kg3
f4+ 45. Kf3 Re5 46. Rb6 Ra5 47. Rb4 Kf6 48. Rb6+ Ke5 49. Rb4 Rd5 50. Re4+
Kd6 51. Rc4 Rc5 52. Rd4+ Ke5 53. Re4+ Kd5 54. Rb4 Rc4 55. Rxc4 Kxc4 56. Ke4
Kb4 57. Kd4 Kxa4 58. Kc4 f3 {White resigns} 0-1

[Event "ICC tourney 1955 (60 10)"]
[Site "Internet Chess Club"]
[Date "2020.08.07"]
[Round "2"]
[White "MATEPROOF"]
[Black "alecchung3"]
[Result "0-1"]
[ICCResult "White resigns"]
[WhiteElo "2172"]
[BlackElo "2096"]
[Opening "English opening"]
[ECO "A05"]
[NIC "QP.11"]
[Time "15:37:23"]
[TimeControl "3600+10"]

1. Nf3 Nf6 2. c4 g6 3. Nc3 d5 4. Qa4+ Bd7 5. Qb3 Bc6 6. e3 Bg7 7. Nd4 O-O 8.
Nxc6 bxc6 9. d4 Nbd7 10. Be2 e5 11. dxe5 Nxe5 12. O-O Qd6 13. h3 dxc4 14.
Qc2 Nd5 15. Bd2 Nb4 16. Qd1 Rfd8 17. Ne4 Qd5 18. Bxb4 Qxe4 19. Qb1 Nd3 20.
Bc3 Bxc3 21. bxc3 Rab8 22. Bf3 Qe5 23. Qc2 Rb2 24. Qa4 Nxf2 25. Qxa7 Nxh3+
26. Kh1 Nf2+ 27. Kg1 Nh3+ 28. Kh1 Qg3 29. Rfb1 Rdd2 30. Rxb2 Rxb2 31. Qd4 c5
32. Qxc4 g5 33. Rf1 Nf2+ 34. Rxf2 Qxf2 35. Qe4 Qg3 36. a4 Rb6 37. Kg1 Qe1+
{White resigns}
0-1

[Event "ICC tourney 1955 (60 10)"]
[Site "Internet Chess Club"]
[Date "2020.08.07"]
[Round "2"]
[White "IAlwaysWin"]
[Black "chessKingR"]
[Result "1-0"]
[ICCResult "Black resigns"]
[WhiteElo "2132"]
[BlackElo "1832"]
[Opening "Réti opening"]
[ECO "A06"]
[NIC "QP.09"]
[Time "15:37:19"]
[TimeControl "3600+10"]

1. Nf3 d5 2. e3 Nf6 3. c4 c6 4. b3 Bg4 5. h3 Bh5 6. Bb2 Nbd7 7. Be2 e6 8.
Nc3 Bd6 9. Rc1 O-O 10. O-O Rc8 11. d3 Re8 12. Re1 e5 13. cxd5 cxd5 14. Nb5
Bb8 15. Rxc8 Qxc8 16. Ba3 Qc6 17. d4 e4 18. Ne5 Nxe5 19. dxe5 Bxe2 20. Qxe2
Bxe5 21. Nxa7 Qb6 22. Nb5 Rc8 23. Bb4 h6 24. a4 Qa6 25. Qd2 Rc6 26. Rd1 Qa8
27. Be7 Rc8 28. Bxf6 Bxf6 29. Qb4 Qb8 30. g3 Rd8 31. Nd4 Qc7 32. Ne2 Be5 33.
Qb5 Qc6 34. Qxc6 bxc6 35. Rc1 Rc8 36. b4 Kf8 37. b5 c5 38. a5 Ke7 39. a6 Bd6
40. Nf4 Bb8 41. Nxd5+ Kd6 42. Nb6 Re8 43. Nc4+ Kc7 44. b6+ Kc6 45. a7 Bxa7
46. bxa7 Kb7 47. Nd6+ Kxa7 48. Nxe8 Kb6 49. Nd6 Kc6 50. Nxe4 Kd5 51. Nxc5
Kd6 52. e4 f6 53. f4 g6 54. Kf2 h5 55. Ke3 {Black resigns} 1-0

[Event "ICC tourney 1955 (60 10)"]
[Site "Internet Chess Club"]
[Date "2020.08.07"]
[Round "2"]
[White "runtilmorrow1"]
[Black "mdbgaccp"]
[Result "0-1"]
[ICCResult "White checkmated"]
[WhiteElo "2011"]
[BlackElo "1829"]
[Opening "Pirc defense"]
[ECO "B07"]
[NIC "PU.08"]
[Time "15:37:26"]
[TimeControl "3600+10"]

1. e4 d6 2. d4 Nf6 3. Bd3 g6 4. Ne2 Bg7 5. c4 Nbd7 6. Nbc3 c5 7. d5 O-O 8.
f4 e6 9. dxe6 fxe6 10. O-O Qe7 11. Ng3 Rb8 12. f5 Ne5 13. Bf4 Nfg4 14. fxg6
Qh4 15. gxh7+ Kh8 16. h3 Rxf4 17. Rxf4 Qxg3 18. Rxg4 Qe3+ 19. Kh1 Nxd3 20.
Qf3 Nf2+ 21. Kh2 Nxg4+ 22. Qxg4 Be5+ 23. Kh1 Qg3 24. Qxg3 Bxg3 25. Rf1 Bd7
26. Rf7 Bc6 27. Kg1 Be5 28. Kf2 Bg7 29. Ke3 Kxh7 30. Nb5 Kg6 31. Rc7 Bxb5
32. cxb5 Bxb2 33. g3 Be5 34. Kf3 b6 35. Rxa7 c4 36. Rc7 c3 37. Ke2 d5 38.
Rc6 dxe4 39. g4 Kf6 40. Rc4 Rd8 41. h4 Rd2+ 42. Ke3 Rd3+ 43. Ke2 Rh3 44.
Rxe4 Rh2+ 45. Kd1 Rxa2 46. h5 Rg2 47. h6 Rh2 48. Kc1 Bd6 49. Ra4 Rxh6 50.
Kc2 Rh3 51. Ra8 Be5 52. Rf8+ Ke7 53. Rf1 Rh2+ 54. Kc1 Bd6 55. Kb1 Ba3 56. g5
c2+ 57. Ka1 c1=Q+ 58. Rxc1 Bxc1 59. g6 Kf6 60. g7 Kxg7 61. Kb1 e5 62. Ka1 e4
63. Kb1 Rd2 64. Ka1 e3 65. Kb1 e2 66. Ka1 e1=Q 67. Kb1 Ba3# {White
checkmated} 0-1

[Event "ICC tourney 1955 (60 10)"]
[Site "Internet Chess Club"]
[Date "2020.08.07"]
[Round "2"]
[White "FL2009"]
[Black "Kingforce"]
[Result "1-0"]
[ICCResult "Black resigns"]
[WhiteElo "1813"]
[BlackElo "1974"]
[Opening "Sicilian: Nimzovich-Rossolimo attack (without ...d6)"]
[ECO "B30"]
[NIC "SI.31"]
[Time "15:37:51"]
[TimeControl "3600+10"]

1. e4 c5 2. Nf3 Nc6 3. Bb5 d6 4. O-O Nf6 5. Re1 Qb6 6. Bf1 e6 7. b3 Be7 8.
Bb2 O-O 9. d4 cxd4 10. Nxd4 a6 11. c4 e5 12. Nxc6 bxc6 13. Nc3 Ng4 14. Qc2
f5 15. h3 Nh6 16. Rad1 fxe4 17. Nxe4 Bf5 18. Qd2 Bxe4 19. Rxe4 Rf5 20. Bd3
Raf8 21. Re2 Bg5 22. Qc2 Rxf2 23. c5 Rxe2 24. Qc4+ d5 25. cxb6 Be3+ 26. Kh1
dxc4 27. Bxc4+ Nf7 28. Bxe2 Bxb6 29. Bxa6 Be3 30. Bc4 Bf4 31. Ba3 e4 32.
Bxf8 Kxf8 33. Bxf7 Kxf7 34. Rf1 {Black resigns} 1-0

[Event "ICC tourney 1955 (60 10)"]
[Site "Internet Chess Club"]
[Date "2020.08.07"]
[Round "2"]
[White "Zach-Ry"]
[Black "tclaneva"]
[Result "0-1"]
[ICCResult "White resigns"]
[WhiteElo "1712"]
[BlackElo "1939"]
[Opening "Sicilian: Grand Prix attack"]
[ECO "B23"]
[NIC "SI.44"]
[Time "15:44:49"]
[TimeControl "3600+10"]

1. e4 c5 2. Nc3 Nc6 3. f4 g6 4. Nf3 Bg7 5. Bc4 e6 6. d3 Nge7 7. O-O d5 8.
Bb3 O-O 9. Ne2 b5 10. c3 Bb7 11. Ng3 a5 12. f5 c4 13. fxg6 Nxg6 14. Bc2 d4
15. Bd2 Qb6 16. Kh1 Rad8 17. Nh5 cxd3 18. Bxd3 dxc3 19. Bxc3 Bxc3 20. bxc3
Qe3 21. Nf6+ Kg7 22. Ne1 Nce5 23. Qh5 Qh6 24. Bxb5 Qxh5 25. Nxh5+ Kh8 26.
Nf6 Rd2 27. Nf3 Rb2 28. Nxe5 Nxe5 29. c4 Rd8 30. Rfb1 Rdd2 31. Rxb2 Rxb2 32.
a4 Nd3 33. Kg1 Nf4 34. g3 Nh3+ 35. Kf1 Rf2+ 36. Ke1 Rxf6 37. c5 e5 38. Rd1
Bxe4 39. Rd8+ Kg7 40. Rc8 Rf2 41. c6 Rxh2 42. Be2 Bxc6 43. Rxc6 f5 44. Rc5
f4 45. gxf4 Nxf4 46. Ba6 e4 47. Rxa5 e3 48. Re5 Rh1+ 49. Bf1 Nd3+
{White resigns}
0-1

[Event "ICC tourney 1955 (60 10)"]
[Site "Internet Chess Club"]
[Date "2020.08.07"]
[Round "2"]
[White "imranchamp"]
[Black "sushi96"]
[Result "0-1"]
[ICCResult "White resigns"]
[WhiteElo "1663"]
[BlackElo "1992"]
[Opening "Sicilian: closed"]
[ECO "B23"]
[NIC "SI.44"]
[Time "15:38:45"]
[TimeControl "3600+10"]

1. e4 c5 2. Nc3 e6 3. f4 d5 4. Nf3 Nc6 5. Bb5 Nf6 6. Ne5 Qc7 7. exd5 exd5 8.
O-O d4 9. Re1 Be7 10. Qf3 O-O 11. Nxc6 bxc6 12. Qxc6 Bd6 13. Qxc7 Bxc7 14.
Ne2 Bg4 15. d3 Rab8 16. Ba4 Ba5 17. c3 Bxe2 18. Rxe2 dxc3 19. b3 Rfd8 20.
Be3 Rxd3 21. Bxc5 Rc8 22. b4 Bb6 23. Rae1 g6 24. Bc2 Bxc5+ 25. bxc5 Rd5
{White resigns}
0-1

[Event "ICC tourney 1955 (60 10)"]
[Site "Internet Chess Club"]
[Date "2020.08.07"]
[Round "2"]
[White "Ayushb"]
[Black "Sricharan07"]
[Result "0-1"]
[ICCResult "White resigns"]
[WhiteElo "1669"]
[BlackElo "1890"]
[Opening "French: exchange variation"]
[ECO "C01"]
[NIC "FR.01"]
[Time "15:38:29"]
[TimeControl "3600+10"]

1. e4 e6 2. d4 d5 3. exd5 exd5 4. Bd3 Nf6 5. Bg5 Be7 6. Nf3 Bg4 7. Nbd2 h6
8. Bh4 c6 9. c3 Nbd7 10. Qc2 Qb6 11. h3 Bxf3 12. Nxf3 O-O-O 13. O-O-O Rhe8
14. Bg3 Bf8 15. Rhe1 g6 16. Ne5 Nxe5 17. dxe5 Nd7 18. e6 Rxe6 19. Rxe6 fxe6
20. Bxg6 Bg7 21. Re1 e5 22. Bf5 e4 23. Qd2 Rf8 24. Qf4 Kd8 25. Bh4+ Bf6 26.
Qxh6 Bxh4 27. Qxh4+ Kc8 28. Qg4 Rd8 29. f3 Qf2 30. Rd1 e3 31. Qd4 Kb8 32.
Bxd7 Rxd7 33. Qf4+ Rc7 34. Qf8+ Rc8 35. Qf4+ Ka8 36. Qd4 c5 37. Qe5 e2 38.
Rh1 Qf1+ {White resigns} 0-1

[Event "ICC tourney 1955 (60 10)"]
[Site "Internet Chess Club"]
[Date "2020.08.07"]
[Round "2"]
[White "OctopusYule"]
[Black "Chessphilia"]
[Result "0-1"]
[ICCResult "White checkmated"]
[WhiteElo "1826"]
[BlackElo "2129"]
[Opening "Ruy Lopez: Marshall, main line, 14...Qh3"]
[ECO "C89"]
[NIC "RL.17"]
[Time "15:37:38"]
[TimeControl "3600+10"]

1. e4 e5 2. Nf3 Nc6 3. Bb5 a6 4. Ba4 Nf6 5. O-O Be7 6. Re1 b5 7. Bb3 O-O 8.
c3 d5 9. exd5 Nxd5 10. Nxe5 Nxe5 11. Rxe5 c6 12. d4 Bd6 13. Re1 Qh4 14. g3
Qh3 15. Be3 Ra7 16. Qd3 Re7 17. Nd2 Rfe8 18. Bxd5 cxd5 19. a4 b4 20. c4 f5
21. Qf1 Qh5 22. Qg2 f4 23. gxf4 dxc4 24. Qg5 Qf7 25. Nf1 Bxf4 26. Qc5 Bb7
27. Rac1 Bd5 28. Qxb4 Qg6+ 29. Ng3 Rxe3 30. Rxe3 Rxe3 31. fxe3 Bxg3 32. hxg3
Qxg3+ 33. Kf1 Qf3+ 34. Ke1 Qxe3+ 35. Kd1 Bf3+ 36. Kc2 Qd3# {White
checkmated} 0-1

[Event "ICC tourney 1955 (60 10)"]
[Site "Internet Chess Club"]
[Date "2020.08.07"]
[Round "2"]
[White "chessisthebest1"]
[Black "Ronaldh"]
[Result "1/2-1/2"]
[ICCResult "Game drawn by mutual agreement"]
[WhiteElo "1886"]
[BlackElo "2088"]
[Opening "Sicilian: Taimanov variation"]
[ECO "B49"]
[NIC "SI.40"]
[Time "15:37:28"]
[TimeControl "3600+10"]

1. e4 c5 2. Nf3 Nc6 3. d4 cxd4 4. Nxd4 e6 5. Nc3 Qc7 6. Be3 a6 7. Be2 Nf6 8.
O-O Bb4 9. f3 O-O 10. a3 Be7 11. f4 d6 12. Bf3 Bd7 13. Kh1 Rfd8 14. a4 b6
15. Qe2 Nxd4 16. Bxd4 Bc6 17. Rfd1 Qb7 18. Re1 b5 19. axb5 axb5 20. e5 Bxf3
21. Qxf3 Qxf3 22. gxf3 Rxa1 23. Rxa1 dxe5 24. Bxe5 b4 25. Ne4 Nd5 26. c4
bxc3 27. Nxc3 f6 28. Nxd5 Rxd5 29. Bc3 Rd7 30. Kg2 Bd6 31. Rd1 Kf7 32. Rd4
e5 33. fxe5 fxe5 34. Re4 Ke6 35. Re2 g5 36. Kg3 h5
{Game drawn by mutual agreement}
1/2-1/2

[Event "ICC tourney 1955 (60 10)"]
[Site "Internet Chess Club"]
[Date "2020.08.07"]
[Round "2"]
[White "sushivishwa"]
[Black "saiabhi29"]
[Result "1-0"]
[ICCResult "Black resigns"]
[WhiteElo "1851"]
[BlackElo "2035"]
[Opening "Sicilian: closed"]
[ECO "B23"]
[NIC "SI.44"]
[Time "15:38:26"]
[TimeControl "3600+10"]

1. e4 c5 2. Nc3 d6 3. f4 Nf6 4. Nf3 e6 5. Bc4 Be7 6. O-O O-O 7. d3 a6 8. a4
Nc6 9. Qe1 d5 10. Bb3 Rb8 11. f5 d4 12. Ne2 exf5 13. Bf4 Ra8 14. Ng3 fxe4
15. Nxe4 Nxe4 16. Qxe4 Bf6 17. Rae1 Bg4 18. Ne5 Nxe5 19. Bxe5 Bxe5 20. Qxe5
b6 21. Re4 Qd7 22. h3 Rae8 23. Rxf7 Qxf7 24. Bxf7+ Kxf7 25. Qc7+ Kg8 26.
Rxe8 Rxe8 27. hxg4 Re6 28. a5 bxa5 29. Qxc5 Kf7 30. Qxd4 Re2 31. c4
{Black resigns}
1-0

[Event "ICC tourney 1955 (60 10)"]
[Site "Internet Chess Club"]
[Date "2020.08.07"]
[Round "2"]
[White "xx99754539"]
[Black "atharvajaeel"]
[Result "1-0"]
[ICCResult "Black checkmated"]
[WhiteElo "1953"]
[BlackElo "386"]
[Opening "Ruy Lopez: closed defense"]
[ECO "C84"]
[NIC "RL.13"]
[Time "15:38:05"]
[TimeControl "3600+10"]

1. e4 e5 2. Nf3 Nc6 3. Bb5 a6 4. Ba4 Nf6 5. O-O Be7 6. d3 d6 7. a3 Bg4 8. h3
Be6 9. Ng5 Bd7 10. Bb3 O-O 11. Nc3 Nd4 12. Ba2 c6 13. f4 Qb6 14. Kh1 exf4
15. Rb1 h6 16. Nf3 Nh5 17. Kh2 Ng3 18. Re1 g5 19. Nxd4 Qxd4 20. Qf3 Kg7 21.
b4 Bf6 22. Bb2 Qb6 23. Rbd1 Bd4 24. Nd5 cxd5 25. Qf2 Kh7 26. Bxd4 Qc7 27.
Bxd5 Be6 28. c4 Rae8 29. Ba1 f6 30. Rc1 Qd8 31. Bxb7 f5 32. e5 dxe5 33. Bxe5
Qxd3 34. Red1 Qxa3 35. Bc6 Rd8 36. Rxd8 Rxd8 37. Qa7+ Kg6 38. Qg7+ Kh5 39.
Bf3+ g4 40. hxg4+ fxg4 41. Bxg4+ Bxg4 42. Qf7+ Kg5 43. Qxf4+ Kh5 44. Qf7+
Kg5 45. Bf4+ Kh4 46. Qf6+ Kh5 47. Qxh6# {Black checkmated} 1-0

[Event "ICC tourney 1955 (60 10)"]
[Site "Internet Chess Club"]
[Date "2020.08.07"]
[Round "2"]
[White "rabbitAAAA"]
[Black "Atharva10"]
[Result "0-1"]
[ICCResult "White resigns"]
[WhiteElo "1774"]
[BlackElo "2049"]
[Opening "QGD: Semi-Tarrasch defense, Pillsbury variation"]
[ECO "D40"]
[NIC "TD.05"]
[Time "15:37:48"]
[TimeControl "3600+10"]

1. d4 Nf6 2. Nf3 d5 3. c4 e6 4. Nc3 c5 5. Bg5 Be7 6. e3 cxd4 7. Nxd4 Nc6 8.
Be2 Nxd4 9. Qxd4 dxc4 10. Qxc4 Bd7 11. Qb3 Bc6 12. O-O O-O 13. Rfd1 Qa5 14.
Bf4 Rfd8 15. Bb5 Bd5 16. Bc4 Bc6 17. Bb5 Qb6 18. Bc4 Qc5 19. Rac1 Qf5 20.
Bb5 Bd5 21. Nxd5 Nxd5 22. Bg3 Qg5 23. Rd4 Bf6 24. Bh4 Qf5 25. Bxf6 Qxf6 26.
Rcd1 g6 27. Qd3 Rdc8 28. e4 Nf4 29. Qb3 a6 30. Bf1 b5 31. Qf3 e5 32. Rd6 Qg5
33. g3 Ne6 34. Rd7 Rf8 35. h4 Qh6 36. Qf6 Nd4 37. Kg2 Qh5 38. f3 Rae8 39. g4
Qh6 40. a4 Qe3 41. axb5 Re6 42. Rd3 Qxd3 43. Bxd3 Rxf6 44. bxa6 Rb6 45. Rb7
Rxb7 46. axb7 Rb8 47. Bb5 Nxb5 48. b3 Rxb7 {White resigns} 0-1

[Event "ICC tourney 1955 (60 10)"]
[Site "Internet Chess Club"]
[Date "2020.08.07"]
[Round "2"]
[White "knvsback"]
[Black "Kiwiinoz"]
[Result "0-1"]
[ICCResult "White resigns"]
[WhiteElo "1810"]
[BlackElo "2052"]
[Opening "Two knights defense (Modern bishop's opening)"]
[ECO "C55"]
[NIC "IG.01"]
[Time "15:37:52"]
[TimeControl "3600+10"]

1. e4 e5 2. Nf3 Nc6 3. Bc4 Nf6 4. d3 Be7 5. O-O O-O 6. c3 d5 7. exd5 Nxd5 8.
Re1 Bf6 9. Nbd2 g6 10. Ne4 Bg7 11. Bg5 f6 12. Bh4 Kh8 13. Bg3 Nce7 14. d4 f5
15. Neg5 h6 16. dxe5 hxg5 17. Nxg5 c6 18. Qd4 f4 19. Bxf4 Rxf4 20. Qxf4 Nxf4
21. Nf7+ Kh7 22. Nxd8 Bf5 23. Rad1 b5 24. Bb3 Nd3 25. Re2 Rxd8 26. g3 Bg4
27. Red2 Bxd1 28. Bxd1 c5 29. f4 c4 30. Kg2 Nf5 31. Kf3 Bf8 32. Bc2 Be7 33.
Ke4 Nc5+ {White resigns} 0-1

[Event "ICC tourney 1955 (60 10)"]
[Site "Internet Chess Club"]
[Date "2020.08.07"]
[Round "2"]
[White "NK3"]
[Black "Chessnutt2014"]
[Result "1/2-1/2"]
[ICCResult "Game drawn by mutual agreement"]
[WhiteElo "2152"]
[BlackElo "1951"]
[Opening "Sicilian: Anderssen variation"]
[ECO "B41"]
[NIC "SI.41"]
[Time "15:37:49"]
[TimeControl "3600+10"]

1. e4 c5 2. Nf3 e6 3. d4 cxd4 4. Nxd4 Nf6 5. Nc3 Nc6 6. Ndb5 Bb4 7. a3 Bxc3+
8. Nxc3 d5 9. exd5 exd5 10. Bd3 O-O 11. O-O d4 12. Ne2 Bg4 13. Bg5 Re8 14.
f3 Bh5 15. Ng3 Bg6 16. Ne4 Bxe4 17. fxe4 Ne5 18. Bxf6 gxf6 19. Qh5 Kg7 20.
Rf5 Re6 21. Raf1 Qe7 22. R1f4 h6 23. Qe2 Rc8 24. h4 a6 25. Qf2 Qd6 26. g4
Ng6 27. Rf3 Ne5 28. Rg3 Kf8 29. Kg2 Ke7 30. Rh5 {Game drawn by mutual
agreement} 1/2-1/2

[Event "ICC tourney 1955 (60 10)"]
[Site "Internet Chess Club"]
[Date "2020.08.07"]
[Round "2"]
[White "orangeman"]
[Black "dzchess01"]
[Result "0-1"]
[ICCResult "White resigns"]
[WhiteElo "1870"]
[BlackElo "1903"]
[Opening "Nimzo-Indian: Fischer variation, 5.Ne2"]
[ECO "E44"]
[NIC "NI.13"]
[Time "15:38:25"]
[TimeControl "3600+10"]

1. d4 Nf6 2. c4 e6 3. Nc3 Bb4 4. e3 b6 5. Ne2 Bb7 6. a3 Bxc3+ 7. Nxc3 O-O 8.
f3 d5 9. Qc2 c5 10. dxc5 bxc5 11. Bd3 Nc6 12. O-O Ne5 13. cxd5 exd5 14. Be2
d4 15. Rd1 Rc8 16. exd4 cxd4 17. Qb3 d3 18. Be3 Qe7 19. Bxd3 Nxf3+ 20. Kh1
Qe5 21. Bg1 Ng4 22. g3 Rb8 23. Nd5 Nxg1 24. Bxh7+ Kxh7 25. Kxg1 Bxd5
{White resigns}
0-1

[Event "ICC tourney 1955 (60 10)"]
[Site "Internet Chess Club"]
[Date "2020.08.07"]
[Round "2"]
[White "Eric1127"]
[Black "glmccoy"]
[Result "1/2-1/2"]
[ICCResult "Game drawn by mutual agreement"]
[WhiteElo "1650"]
[BlackElo "1805"]
[Opening "Robatsch (modern) defense"]
[ECO "B06"]
[NIC "KF.05"]
[Time "15:39:25"]
[TimeControl "3600+10"]

1. e4 g6 2. d4 Bg7 3. Nf3 d6 4. Bc4 Nf6 5. Nc3 Nxe4 6. Nxe4 d5 7. Bd3 dxe4
8. Bxe4 O-O 9. c3 Nc6 10. Bf4 Bg4 11. h3 Bxf3 12. Qxf3 e5 13. dxe5 Bxe5 14.
Bxc6 Bxf4 15. Qxf4 bxc6 16. O-O Re8 17. Rfe1 Qd6 18. Qc1 Rad8 19. b3 Kg7 20.
c4 Qf6 21. Qa3 Qd4 22. Red1 Qb6 23. Qb2+ Kg8 24. Qf6 Rd6 25. Rxd6 cxd6 26.
Qxd6 Re6 27. Qd2 Qc5 28. Rc1 Qe7 29. Rd1 Qa3 30. Qc3 Re8 31. Qc2 Qc5 32. Qb2
a5 33. Qd4 Re1+ 34. Kh2 Qxd4 35. Rxd4 Re2 36. Rd6 Rxa2 37. Rxc6 Rb2 38. Ra6
Rxb3 39. Rxa5 Rc3 40. c5 Kf8 41. f3 Ke7 42. Kg3 Ke6 43. Kg4 h6 44. f4 Kd5
45. Ra7 f5+ 46. Kh4 Rxc5 47. Rh7 Ke6 48. Rxh6 Kf6 49. Rh8 Rc4 50. Kg3 Rc3+
51. Kh2 Rc4 52. Rh4 Kg7 53. Kg3 Rc3+ 54. Kf2 Rc4 55. Ke1 Ra4 56. g3 Rb4 57.
Kd2 Ra4 58. Kc2 Re4 {Game drawn by mutual agreement} 1/2-1/2

[Event "ICC tourney 1955 (60 10)"]
[Site "Internet Chess Club"]
[Date "2020.08.07"]
[Round "2"]
[White "betterone76"]
[Black "Kyle2007"]
[Result "0-1"]
[ICCResult "White resigns"]
[WhiteElo "1813"]
[BlackElo "1997"]
[Opening "Sicilian: Hungarian variation"]
[ECO "B27"]
[NIC "SI.43"]
[Time "15:37:12"]
[TimeControl "3600+10"]

1. e4 c5 2. Nf3 g6 3. d4 cxd4 4. Qxd4 Nf6 5. e5 Nc6 6. Qa4 Nd5 7. Qb3 Nb6 8.
a4 d5 9. a5 Nc4 10. Bxc4 dxc4 11. Qxc4 Nxa5 12. Qc3 Nc6 13. O-O Bg7 14. Qb3
O-O 15. Bf4 Qc7 16. Re1 Be6 17. Qc3 h6 18. h3 Rfd8 19. Nbd2 a6 20. b4 Rac8
21. Ne4 Nd4 22. Nc5 Nxf3+ 23. Qxf3 Bd5 24. Qe3 g5 25. Bg3 Qc6 26. f3 f6 27.
Rac1 a5 28. c3 f5 29. Bf2 f4 30. Qe2 axb4 31. cxb4 e6 32. b5 Qe8 33. Na4
Rxc1 34. Rxc1 Rc8 35. Rxc8 Qxc8 36. Nb6 Qc1+ 37. Kh2 Bb3 38. Nd7 Qc4 39.
Qxc4 Bxc4 40. b6 Kf7 41. Bd4 Kg6 42. Kg1 Kf5 43. Nf6 Bd5 44. Nd7 h5 45. Kf2
g4 46. hxg4+ hxg4 47. Nf6 g3+ 48. Ke1 Bc6 49. Ng4 Bf8 50. Bc3 Bc5 51. Kf1
Bxb6 52. Nh6+ Kg6 53. Ng8 Bb5+ 54. Ke1 Bf2+ 55. Kd2 Bf1 56. Ne7+ Kg5 57. Nc8
Be3+ 58. Ke1 Bxg2 59. Ke2 Bh3 60. Be1 Kh4 61. Nd6 Bf1+ 62. Kxf1 Kh3 63. Bf2
g2+ 64. Kg1 Bxf2+ 65. Kxf2 Kh2 {White resigns} 0-1

[Event "ICC tourney 1955 (60 10)"]
[Site "Internet Chess Club"]
[Date "2020.08.07"]
[Round "2"]
[White "DLWarrior"]
[Black "Heliosis"]
[Result "1-0"]
[ICCResult "Black resigns"]
[WhiteElo "1924"]
[BlackElo "1848"]
[Opening "Queen's pawn: London system"]
[ECO "A45"]
[NIC "QP.07"]
[Time "15:38:36"]
[TimeControl "3600+10"]

1. d4 Nf6 2. Bf4 e6 3. e3 c5 4. Nf3 Nc6 5. c3 d5 6. Nbd2 Bd6 7. Bd3 O-O 8.
O-O b6 9. Ne5 Bb7 10. Qf3 Rc8 11. Qh3 h6 12. Rad1 Re8 13. g4 c4 14. Bc2 Bxe5
15. dxe5 Nd7 16. Nf3 Nf8 17. g5 Ne7 18. gxh6 g6 19. Bg5 Nh7 20. Bf6 Qc7 21.
Ng5 Nf5 22. Bxf5 exf5 23. f4 b5 24. Qg3 Qb6 25. e6 fxe6 26. Bd4 Qc7 27. Ne4
Nf8 28. Nf6+ Kf7 29. Nxe8 Rxe8 30. h4 Nh7 31. Rf2 Nf6 32. Bxf6 Kxf6 33. Qg5+
{Black resigns}
1-0

[Event "ICC tourney 1955 (60 10)"]
[Site "Internet Chess Club"]
[Date "2020.08.07"]
[Round "2"]
[White "corviknight"]
[Black "Aniketshukla"]
[Result "1/2-1/2"]
[ICCResult "Game drawn by mutual agreement"]
[WhiteElo "1839"]
[BlackElo "2003"]
[Opening "French: Albin-Alekhine-Châtard attack"]
[ECO "C13"]
[NIC "FR.06"]
[Time "15:37:31"]
[TimeControl "3600+10"]

1. e4 e6 2. d4 d5 3. Nc3 Nf6 4. Bg5 Be7 5. e5 Nfd7 6. h4 Bxg5 7. hxg5 Nb6 8.
f4 a6 9. Nf3 Qe7 10. Qd2 Bd7 11. O-O-O Nc6 12. Bd3 O-O-O 13. g4 Nb4 14. f5
Nxd3+ 15. Qxd3 Nc4 16. Nb1 f6 17. b3 Nb6 18. exf6 gxf6 19. Rde1 Qf7 20. gxf6
Qxf6 21. g5 Qxf5 22. Qxf5 exf5 23. Re7 Bb5 24. Rhxh7 Rxh7 25. Rxh7 Rg8 26.
Nc3 Bf1 27. Ne5 Kd8 28. g6 Bg2 29. Rf7 f4 30. Kd2 f3 31. g7 Rxg7 32. Rxg7 f2
33. Rg8+ Ke7 34. Ng6+ Kd7 35. Rg7+ Kd6 36. Rf7 f1=Q 37. Rxf1 Bxf1 38. Nf4
Bb5 39. Nxb5+ axb5 40. Nd3 Nd7 41. b4 b6 42. c3 c6
{Game drawn by mutual agreement}
1/2-1/2

[Event "ICC tourney 1955 (60 10)"]
[Site "Internet Chess Club"]
[Date "2020.08.07"]
[Round "2"]
[White "AJ2000"]
[Black "Boldmann"]
[Result "1-0"]
[ICCResult "Black resigns"]
[WhiteElo "1713"]
[BlackElo "1731"]
[Opening "French: Tarrasch"]
[ECO "C03"]
[NIC "FR.14"]
[Time "15:37:50"]
[TimeControl "3600+10"]

1. e4 e6 2. d4 d5 3. Nd2 a6 4. Ngf3 c5 5. exd5 exd5 6. dxc5 Bxc5 7. Bd3 Nf6
8. O-O O-O 9. Nb3 Bb6 10. Bf4 Nc6 11. Qd2 Bg4 12. Ne5 Nxe5 13. Bxe5 Bc7 14.
Rfe1 Bxe5 15. Rxe5 Qc7 16. Rae1 Rfe8 17. Qf4 Rxe5 18. Rxe5 Qb6 19. h3 Bh5
20. Qd4 Qxd4 21. Nxd4 Re8 22. Rxe8+ Nxe8 23. g4 Bg6 24. Bxg6 hxg6 25. Kg2
Nd6 26. f3 Kf8 27. Kf2 g5 28. b3 g6 29. Ke3 Ke7 30. a4 Kf6 31. c3 Ke5 32.
Ne2 f6 33. Nd4 f5 34. gxf5 Nxf5+ 35. Nxf5 gxf5 36. a5 Ke6 37. f4 Kf6 38.
fxg5+ Kxg5 39. Kf3 Kg6 40. Kf4 Kf6 41. h4 Ke6 42. h5 Kf6 43. h6 Kg6 44. h7
Kxh7 45. Kxf5 Kg7 46. Ke5 Kf7 47. Kxd5 Ke7 48. Kc5 Kd7 49. Kb6 Kc8 50. b4
Kb8 51. c4 Kc8 52. c5 Kb8 53. c6 bxc6 54. Kxc6 Ka7 55. Kc7 Ka8 56. Kb6 Kb8
57. Kxa6 Ka8 58. b5 Kb8 59. b6 Ka8 60. Kb5 Kb7 61. a6+ Kb8 62. Kc6 Ka8 63.
b7+ Kb8 64. Kd7 Ka7 65. Kc7 Kxa6 66. b8=Q {Black resigns} 1-0

[Event "ICC tourney 1955 (60 10)"]
[Site "Internet Chess Club"]
[Date "2020.08.07"]
[Round "2"]
[White "carlsthe1"]
[Black "piplup0621"]
[Result "1-0"]
[ICCResult "Black resigns"]
[WhiteElo "2142"]
[BlackElo "1901"]
[Opening "Sicilian: Najdorf"]
[ECO "B90"]
[NIC "SI.11"]
[Time "15:38:24"]
[TimeControl "3600+10"]

1. e4 c5 2. Nf3 d6 3. d4 cxd4 4. Nxd4 Nf6 5. Nc3 a6 6. Nb3 e5 7. Be2 Be7 8.
O-O O-O 9. Be3 Be6 10. f3 Nbd7 11. a4 Qc7 12. Qd2 Rac8 13. a5 Rfe8 14. Rfd1
Nf8 15. Bb6 Qc6 16. Rac1 Ng6 17. Nd5 Bxd5 18. exd5 Qd7 19. c4 Bd8 20. Be3
Nf4 21. Bf1 Qa4 22. Ra1 Qxb3 23. Ra3 Bxa5 24. Rxa5 N6xd5 25. cxd5 Rc2 26.
Qe1 Ne2+ 27. Bxe2 Qxe3+ 28. Kf1 e4 29. Ra3 Qb6 30. fxe4 Rxe4 31. Rc3 Rxc3
32. Qxc3 Kf8 33. Bf3 Re3 34. Qc8+ Re8 35. Qc2 Qb4 36. Qxh7 Re5 37. Qh8+ Ke7
38. Qxg7 Qxb2 39. Kg1 a5 40. h3 a4 41. Rf1 Qd4+ 42. Kh1 Qd3 43. Rc1 Qf5 44.
Bg4 Qf4 45. Rc7+ {Black resigns} 1-0